General information
- name: BNet
- type: Ladder team game (AT/RT)
- host: Battle.net
- saver: KODOS_FORSAKEN.
map: Battleground
- players: 8
- length: 14:22
- speed: Fast
- version: 1.26 W3XP
- replay type: Public
» download(77 KB)
Players
team 1 (winner)

»
SkanJaMan (
yellow | 37 APM | 536 actions | 14:21)
3 Death Knight
2 Unholy Aura
1 Death Coil
1 Dreadlord
1 Vampiric Aura
1 Dark Ranger
1 Black Arrow
» actions
| Assign group hotkey | 25 | |
| Basic commands | 9 | |
| Build / train | 43 | |
| Enter build submenu | 10 | |
| Enter hero's abilities submenu | 5 | |
| Give item / drop item | 4 | |
| Remove unit from queue | 1 | |
| Right click | 162 | |
| Select / deselect | 93 | |
| Select group hotkey | 154 | |
| Use ability | 30 | |
536 total
» units
» upgrades
| Cannibalize | 1 | |
| Unholy Strength | 3 | |
| Unholy Armor | 3 | |
| Ghoul Frenzy | 1 | |
8 total
» buildings
| Altar of Darkness | 1 | |
| Ziggurat | 4 | |
| Crypt | 2 | |
| Tomb of Relics | 1 | |
| Graveyard | 1 | |
| Halls of the Dead | 2 | |
| Black Citadel | 1 | |
12 total
» build order
00:13 Altar of Darkness
00:17 Ziggurat
01:05 Crypt
01:07 Crypt
01:18 Tomb of Relics
02:06 Ziggurat
02:18 Graveyard
03:45 Halls of the Dead
03:45 Halls of the Dead
06:14 Black Citadel
07:35 Ziggurat
07:40 Ziggurat
» items
| Rod of Necromancy | 1 | |
| Periapt of Vitality | 1 | |
| Scroll of Regeneration | 1 | |
| Potion of Healing | 1 | |
| Orb of Corruption | 1 | |
| Scroll of Town Portal | 1 | |
6 total
chow-DAH (
red | 46 APM | 662 actions | 14:21)
3 Mountain King
2 Storm Bolt
1 Bash
2 Archmage
1 Summon Water Elemental
1 Brilliance Aura
» actions
| Assign group hotkey | 22 | |
| Basic commands | 79 | |
| Build / train | 54 | |
| Enter build submenu | 17 | |
| Enter hero's abilities submenu | 5 | |
| Give item / drop item | 4 | |
| Remove unit from queue | 6 | |
| Right click | 97 | |
| Select / deselect | 107 | |
| Select group hotkey | 238 | |
| Use ability | 33 | |
662 total
» units
| Peasant | 9 | |
| Footman | 6 | |
| Rifleman | 4 | |
| Priest | 4 | |
| Sorceress | 2 | |
25 total
» upgrades
| Priest Training | 2 | |
| Sorceress Training | 1 | |
| Magic Sentry | 1 | |
| Long Rifles | 1 | |
| Animal War Training | 1 | |
| Lumber Harvesting | 1 | |
| Plating | 0 | |
| Gunpowder | 1 | |
| Armor | 1 | |
9 total
» buildings
| Altar of Kings | 1 | |
| Farm | 6 | |
| Lumber Mill | 1 | |
| Scout Tower | 1 | |
| Barracks | 2 | |
| Arcane Tower | 1 | |
| Arcane Vault | 1 | |
| Keep | 1 | |
| Blacksmith | 1 | |
| Arcane Sanctum | 1 | |
| Castle | 1 | |
17 total
» build order
00:17 Altar of Kings
00:45 Farm
00:49 Farm
01:09 Lumber Mill
01:36 Scout Tower
01:52 Farm
02:13 Barracks
02:33 Arcane Tower
02:43 Arcane Vault
03:34 Keep
04:06 Blacksmith
05:22 Barracks
06:05 Farm
06:11 Farm
06:16 Farm
07:09 Arcane Sanctum
10:26 Castle
» items
| Boots of Speed | 1 | |
| Dust of Appearance | 1 | |
| Scroll of Town Portal | 1 | |
3 total
KODOS_FORSAKEN. (
teal | 60 APM | 862 actions | 14:22)
3 Beastmaster
2 Summon Quilbeast
1 Summon Hawk
2 Dreadlord
1 Sleep
1 Vampiric Aura
1 Death Knight
1 Death Coil
» actions
| Assign group hotkey | 45 | |
| Basic commands | 50 | |
| Build / train | 44 | |
| ESC pressed | 1 | |
| Enter build submenu | 13 | |
| Enter hero's abilities submenu | 6 | |
| Give item / drop item | 6 | |
| Right click | 281 | |
| Select / deselect | 248 | |
| Select group hotkey | 114 | |
| Use ability | 53 | |
862 total
» units
| Acolyte | 3 | |
| Ghoul | 8 | |
| Forest Troll Shadow Priest | 1 | |
| Mud Golem | 1 | |
| Necromancer | 5 | |
18 total
» upgrades
» buildings
| Crypt | 1 | |
| Graveyard | 2 | |
| Altar of Darkness | 2 | |
| Ziggurat | 4 | |
| Tomb of Relics | 1 | |
| Nerubian Tower | 1 | |
| Halls of the Dead | 1 | |
| Temple of the Damned | 2 | |
| Black Citadel | 3 | |
17 total
» build order
00:11 Crypt
00:24 Graveyard
00:27 Graveyard
01:15 Altar of Darkness
01:17 Altar of Darkness
01:18 Ziggurat
01:30 Tomb of Relics
01:55 Ziggurat
02:14 Nerubian Tower
03:24 Halls of the Dead
04:55 Ziggurat
05:04 Ziggurat
05:55 Temple of the Damned
07:09 Temple of the Damned
08:48 Black Citadel
08:49 Black Citadel
» items
| Rod of Necromancy | 1 | |
| Dust of Appearance | 1 | |
| Potion of Healing | 6 | |
| Scroll of Town Portal | 1 | |
| Orb of Corruption | 1 | |
10 total

»
Hymn (
pink | 44 APM | 627 actions | 14:21)
4 Archmage
2 Summon Water Elemental
2 Brilliance Aura
1 Mountain King
1 Bash
» actions
| Build / train | 54 | |
| Enter build submenu | 22 | |
| Enter hero's abilities submenu | 5 | |
| Remove unit from queue | 2 | |
| Right click | 336 | |
| Select / deselect | 171 | |
| Use ability | 37 | |
627 total
» units
| Peasant | 13 | |
| Footman | 5 | |
| Rifleman | 8 | |
| Forest Troll Berserker | 1 | |
| Forest Troll Shadow Priest | 1 | |
| Mortar Team | 4 | |
| Priest | 1 | |
33 total
» upgrades
| Defend | 1 | |
| Swords | 1 | |
| Lumber Harvesting | 1 | |
| Magic Sentry | 1 | |
| Gunpowder | 1 | |
| Plating | 0 | |
| Armor | 0 | |
5 total
» buildings
| Scout Tower | 5 | |
| Farm | 7 | |
| Altar of Kings | 1 | |
| Lumber Mill | 2 | |
| Barracks | 1 | |
| Arcane Tower | 1 | |
| Guard Tower | 4 | |
| Blacksmith | 1 | |
| Keep | 1 | |
| Arcane Vault | 1 | |
| Workshop | 1 | |
| Arcane Sanctum | 1 | |
26 total
» build order
00:12 Scout Tower
00:16 Farm
00:24 Altar of Kings
00:31 Lumber Mill
01:02 Barracks
01:22 Scout Tower
01:36 Farm
01:52 Arcane Tower
02:31 Guard Tower
02:50 Farm
03:34 Scout Tower
03:52 Blacksmith
04:14 Guard Tower
04:18 Farm
04:48 Keep
05:15 Farm
05:45 Scout Tower
06:20 Farm
06:23 Guard Tower
06:27 Arcane Vault
08:09 Workshop
09:13 Scout Tower
09:44 Farm
10:07 Guard Tower
10:42 Lumber Mill
11:17 Arcane Sanctum
» items
team 2 (loser)

»
Wasted-on-time (
green | 42 APM | 360 actions | 08:37)
2 Archmage
1 Summon Water Elemental
1 Blizzard
» actions
| Build / train | 26 | |
| Enter build submenu | 16 | |
| Enter hero's abilities submenu | 2 | |
| Right click | 175 | |
| Select / deselect | 116 | |
| Use ability | 25 | |
360 total
» units
» upgrades
» buildings
| Farm | 7 | |
| Altar of Kings | 1 | |
| Barracks | 2 | |
| Blacksmith | 1 | |
| Arcane Vault | 1 | |
| Keep | 1 | |
| Castle | 1 | |
14 total
» build order
00:05 Farm
00:09 Altar of Kings
00:47 Barracks
01:13 Farm
02:03 Blacksmith
02:16 Farm
02:28 Arcane Vault
04:57 Barracks
05:16 Keep
05:28 Farm
05:35 Farm
06:05 Farm
08:17 Farm
08:31 Castle
» items
| Scroll of Regeneration | 2 | |
| Lesser Clarity Potion | 1 | |
3 total

»
sloper (
purple | 36 APM | 522 actions | 14:20)
3 Warden
1 Shadow Strike
2 Fan of Knives
1 Archmage
1 Blizzard
1 Paladin
1 Holy Light
» actions
| Build / train | 53 | |
| Enter build submenu | 12 | |
| Enter hero's abilities submenu | 5 | |
| Remove unit from queue | 3 | |
| Right click | 225 | |
| Select / deselect | 178 | |
| Use ability | 46 | |
522 total
» units
| Wisp | 12 | |
| Archer | 3 | |
| Huntress | 4 | |
| Dryad | 9 | |
| Rifleman | 2 | |
| Druid of the Claw | 6 | |
36 total
» upgrades
| Strength of the Wild | 1 | |
| Reinforced Hides | 1 | |
| Abolish Magic | 1 | |
| Druid of the Claw Training | 1 | |
4 total
» buildings
| Moon Well | 5 | |
| Altar of Elders | 1 | |
| Ancient of War | 1 | |
| Hunter's Hall | 1 | |
| Tree of Ages | 1 | |
| Ancient Protector | 2 | |
| Tree of Eternity | 1 | |
| Ancient of Lore | 2 | |
14 total
» build order
00:21 Moon Well
00:36 Altar of Elders
00:51 Ancient of War
01:44 Moon Well
02:15 Hunter's Hall
02:51 Moon Well
03:48 Tree of Ages
03:57 Ancient Protector
04:33 Ancient Protector
06:14 Tree of Eternity
06:24 Ancient of Lore
07:50 Ancient of Lore
09:22 Moon Well
09:38 Moon Well
» items
| Lesser Clarity Potion | 1 | |
| Scroll of Regeneration | 1 | |
2 total
C0MAR0 (
orange | 25 APM | 226 actions | 09:03)
1 Paladin
1 Devotion Aura
» actions
| Assign group hotkey | 9 | |
| Build / train | 22 | |
| ESC pressed | 1 | |
| Enter build submenu | 20 | |
| Enter hero's abilities submenu | 1 | |
| Remove unit from queue | 2 | |
| Right click | 79 | |
| Select / deselect | 75 | |
| Use ability | 17 | |
226 total
» units
» upgrades
| Masonry | 1 | |
| Swords | 2 | |
| Armor | 1 | |
| Lumber Harvesting | 1 | |
5 total
» buildings
| Altar of Kings | 1 | |
| Lumber Mill | 1 | |
| Farm | 5 | |
| Scout Tower | 6 | |
| Arcane Tower | 3 | |
| Blacksmith | 1 | |
| Keep | 1 | |
| Guard Tower | 1 | |
| Arcane Vault | 1 | |
| Gryphon Aviary | 2 | |
22 total
» build order
00:50 Altar of Kings
00:58 Lumber Mill
01:11 Farm
02:00 Farm
02:03 Scout Tower
02:39 Scout Tower
02:42 Scout Tower
02:44 Arcane Tower
03:05 Scout Tower
03:18 Blacksmith
03:37 Farm
04:06 Keep
04:42 Scout Tower
04:44 Guard Tower
04:56 Arcane Vault
05:04 Arcane Tower
05:41 Scout Tower
06:15 Farm
07:37 Gryphon Aviary
07:39 Gryphon Aviary
08:15 Farm
08:18 Arcane Tower
08:20 Guard Tower
dantehound (
blue | 11 APM | 97 actions | 08:47)
2 Crypt Lord
2 Carrion Beetles
» actions
| Build / train | 20 | |
| Enter build submenu | 7 | |
| Enter hero's abilities submenu | 1 | |
| Right click | 24 | |
| Select / deselect | 37 | |
| Use ability | 8 | |
97 total
» units
| Acolyte | 3 | |
| Ghoul | 5 | |
| Crypt Fiend | 4 | |
12 total
» upgrades
» buildings
| Ziggurat | 3 | |
| Crypt | 1 | |
| Graveyard | 1 | |
| Altar of Darkness | 1 | |
| Spirit Tower | 3 | |
| Halls of the Dead | 1 | |
10 total
» build order
00:11 Ziggurat
00:27 Crypt
00:43 Graveyard
01:20 Altar of Darkness
02:50 Ziggurat
03:14 Ziggurat
05:31 Spirit Tower
05:33 Spirit Tower
05:37 Spirit Tower
07:45 Halls of the Dead
Chat log
(00:47 / All) KODOS_FORSAKEN.: Oh great
(00:58 / All) KODOS_FORSAKEN.: my games doing that thing again where it doesn't show the constructing animation of buildings
(01:13 / All) KODOS_FORSAKEN.: least not on undea buildigns
(01:25 / All) KODOS_FORSAKEN.: It's weak
(01:52 / All) KODOS_FORSAKEN.: DDDDDDDDDDDDDDDDDDDDDDDD
(03:36 / All) KODOS_FORSAKEN.: Run little birdie
(03:37 / All) KODOS_FORSAKEN.: RUN!
(04:48 / All) KODOS_FORSAKEN.: that was fun
(05:11 / All) KODOS_FORSAKEN.: Not for long I guess.
(07:25 / All) KODOS_FORSAKEN.: Let's climb the treetops together
(07:45 / All) KODOS_FORSAKEN.: What the fuck is blue seriously still here?
(08:03 / Allies) SkanJaMan: damn he suks
(08:04 / All) chow-DAH: you guys should TK him
(08:29 / All) KODOS_FORSAKEN.: Blue I don't know how you can run this game on Windows 3.1
(08:32 / All) KODOS_FORSAKEN.: But I congratulate you
(08:38 / All) KODOS_FORSAKEN.: as I die to creeps
(09:38 / All) KODOS_FORSAKEN.: nooo
(10:12 / All) KODOS_FORSAKEN.: dam rifles U Scary!
(11:04 / Allies) Hymn: lumber, plz
(11:20 / Allies) Hymn: ty
(12:09 / All) KODOS_FORSAKEN.: When mass rifles die
(12:18 / All) KODOS_FORSAKEN.: it sounds like they're singing the Uh Oh! theme song
(12:22 / All) KODOS_FORSAKEN.: "UHOH UH OH"
(12:25 / All) KODOS_FORSAKEN.: UH OH UH OH
(13:35 / All) KODOS_FORSAKEN.: so u
(13:38 / All) KODOS_FORSAKEN.: purp
(13:40 / All) KODOS_FORSAKEN.: u there?
(14:09 / All) KODOS_FORSAKEN.: i think it's over